 Dungeon Crawl Stone Soup version 0.20.0-3-g22ec75f (webtiles) character file.

115353 RKaid the Executioner (level 16, -9/155 HPs)
             Began as a Minotaur Berserker on May 26, 2017.
             Was the Champion of Trog.
             Mangled by a demonic crawler (11 damage)
             ... on level 2 of the Spider Nest.
             The game lasted 00:39:34 (26495 turns).

RKaid the Executioner (Minotaur Berserker)         Turns: 26495, Time: 00:39:35

Health: -9/155     AC:  4    Str: 32    XL:     16   Next: 18%
Magic:  15/15      EV: 13    Int:  4    God:    Trog [******]
Gold:   1637       SH:  2    Dex: 10    Spells: 15/15 levels left

rFire    + . .     SeeInvis +   a - +2 battleaxe (vamp) {win!}
rCold    . . .     Gourm    .   (shield currently unavailable)
rNeg     . . .     Faith    .   f - +1 plate armour
rPois    +         Spirit   .   T - +2 hat {SInv}
rElec    .         Reflect  +   r - +2 cloak {rPois}
rCorr    .         Harm     .   l - +0 pair of gloves
MR       +++..                  L - +0 pair of boots
Stlth    ..........             M - +2 amulet of reflection
Regen    0.4/turn               R - ring of protection from magic {MR+}
MPRegen  0.2/turn               Y - ring "Noazaocw" {rF+ MR+ Str+3 Slay+2 Stlth+}

@: corroded
A: retaliatory headbutt, horns 2
a: Berserk, Trog's Hand, Brothers in Arms, Burn Spellbooks, Renounce Religion


You were on level 2 of the Spider Nest.
You worshipped Trog.
Trog was exalted by your worship.
You were not hungry.

You visited 3 branches of the dungeon, and saw 24 of its levels.

You collected 1759 gold pieces.
You spent 122 gold pieces at shops.

Inventory:

Hand Weapons
 a - a +2 vampiric battleaxe (weapon) {win!}
   (Trog gifted it to you on level 6 of the Lair of Beasts)
 b - a +1 hand axe of flaming
   (You took it off a meliai on level 4 of the Lair of Beasts)
 W - a +1 antimagic executioner's axe
   (Trog gifted it to you on level 12 of the Dungeon)
Missiles
 h - 11 curare-tipped needles
 w - 4 throwing nets {=f}
Armour
 f - a +1 plate armour (worn)
   (You found it on level 6 of the Dungeon)
 l - a +0 pair of gloves (worn)
   (You found it on level 3 of the Dungeon)
 r - a +2 cloak of poison resistance (worn)
   (You found it on level 6 of the Lair of Beasts)
 t - a scarf of resistance
   (You found it on level 3 of the Dungeon)
 L - a +0 pair of boots (worn)
   (You found it on level 7 of the Dungeon)
 O - a scarf of cloud immunity
   (You found it on level 9 of the Dungeon)
 T - a +2 hat of see invisible (worn)
   (You took it off Gastronok on level 1 of the Lair of Beasts)
Jewellery
 m - an uncursed amulet of regeneration {unknown}
   (You found it on level 15 of the Dungeon)
 I - an uncursed ring of poison resistance {rPois}
   (You found it on level 7 of the Dungeon)
 M - a +2 amulet of reflection (around neck)
   (You found it on level 9 of the Dungeon)
 R - a ring of protection from magic (left hand) {MR+}
   (You found it on level 15 of the Dungeon)
 U - the ring of Iddomost {rElec rF+ MP-9 Int+4}
   (You found it on level 9 of the Dungeon)

   [ring of intelligence]

   It affects your intelligence (+4).
   It protects you from fire.
   It insulates you from electricity.
   It affects your magic capacity (-9).
 Y - the ring "Noazaocw" (right hand) {rF+ MR+ Str+3 Slay+2 Stlth+}
   (You found it on level 4 of the Lair of Beasts)

   [ring of strength]

   It affects your strength (+3).
   It affects your accuracy and damage with ranged weapons and melee attacks
   (+2).
   It protects you from fire.
   It affects your resistance to hostile enchantments.
   It makes you more stealthy.
 Z - the cursed ring "Deseolek" {rPois rC+ EV-3 Dex+2}
   (You found it on level 12 of the Dungeon)

   [ring of evasion]

   It affects your evasion (-3).
   It affects your dexterity (+2).
   It protects you from cold.
   It protects you from poison.
   It has a curse placed upon it.
Wands
 A - a wand of acid (4/15)
   (You found it on level 3 of the Dungeon)
 D - a wand of digging (2/24)
   (You found it on level 2 of the Lair of Beasts)
 K - a wand of acid (3/15)
   (You found it on level 9 of the Dungeon)
 X - a wand of iceblast (8/15)
   (You found it on level 4 of the Lair of Beasts)
Scrolls
 i - a scroll of identify
 n - a scroll of recharging
 o - 17 scrolls of remove curse
 q - 2 scrolls of fog
 x - 4 scrolls of immolation {!r}
 y - 5 scrolls of teleportation
 F - 9 scrolls of enchant armour
 H - 3 scrolls of fear
 N - a scroll of blinking {!r}
 P - a scroll of magic mapping {!r}
Potions
 d - 3 potions of haste
 j - 3 potions of lignification {unknown}
 k - 3 potions of brilliance {unknown}
 p - 3 potions of mutation {unknown}
 s - a potion of resistance {unknown}
 u - 6 potions of curing
 z - 3 potions of ambrosia
 B - 2 potions of degeneration {unknown}
 C - 2 potions of heal wounds
 E - 4 potions of flight
 G - 3 potions of agility
 J - 2 potions of berserk rage {unknown}
Miscellaneous
 Q - a fan of gales
   (You found it on level 6 of the Lair of Beasts)
 S - a phial of floods
   (You found it on level 1 of the Lair of Beasts)
 V - a lamp of fire
   (You found it on level 1 of the Spider Nest)
Comestibles
 c - 14 bread rations
 e - 16 fruits
 g - 25 royal jellies
 v - 11 meat rations


   Skills:
 + Level 17.3 Fighting
 + Level 23.1 Axes
 + Level 11.5 Armour
 + Level 10.9 Dodging


You had 15 spell levels left.
You didn't know any spells.

Dungeon Overview and Level Annotations

Branches:
Dungeon (15/15)            Temple (0/1) D:5            Lair (6/6) D:10
  Swamp (0/4) Lair:2       Spider (3/4) Lair:3        Slime (0/5) Lair:5
    Orc (0/2) D:11         Vaults (0/5) D:13         Depths (0/5) D:15

Altars:
Fedhas
Sif Muna
Xom
Jiyva

Shops:
D:5 [   D:6 *?=(

Portals:
Trove: D:15 (give 18 scrolls of identify)
Bailey: D:8


Innate Abilities, Weirdness & Mutations

You reflexively headbutt those who attack you in melee.
You have a pair of horns on your head.


Message History

You are caught in a web!
The jumping spider closely misses you.
A redback and an entropy weaver come into view.
You are caught in a web!
You are caught in a web!
You are caught in a web!
You are caught in a web!
Unknown command.
You struggle to detach yourself from the web.
The entropy weaver twitches its antennae in your direction.
The jumping spider pounces on you but does no damage.
The jumping spider bites you but does no damage.
The hornet stings you but does no damage.
The demonic crawler hits you but does no damage. x2
The demonic crawler hits you!
You struggle to detach yourself from the web.
The jumping spider pounces on you but does no damage.
The jumping spider barely misses you.
The hornet stings you but does no damage.
The demonic crawler barely misses you. x2
The demonic crawler hits you but does no damage.
The entropy weaver gestures wildly while chanting.
The entropic weave corrodes you!
The jumping spider pounces on you but does no damage.
The jumping spider bites you but does no damage.
The hornet completely misses you.
The web tears apart.
The demonic crawler hits you but does no damage.
The demonic crawler hits you.
The demonic crawler hits you but does no damage.
The entropy weaver casts a spell.
The entropic weave corrodes you! The jumping spider pounces on you!
The jumping spider barely misses you. The hornet misses you.
You furiously retaliate!
You headbutt the hornet, but do no damage.
The demonic crawler hits you but does no damage.
The demonic crawler completely misses you.
The demonic crawler closely misses you.
Unknown command.
The jumping spider pounces on you but does no damage.
The jumping spider bites you but does no damage.
The hornet barely misses you.
You see here 21 gold pieces.
You are caught in the web!
The hornet stings you.
There is a web here.
You struggle to detach yourself from the web.
The hornet stings you but does no damage.
The redback bites you but does no damage.
You disentangle yourself.
The hornet stings you but does no damage.
The redback misses you. The hornet misses you. You furiously retaliate!
You headbutt the hornet, but do no damage.
The hornet stings you.
You feel yourself slow down. The redback completely misses you.
You furiously retaliate!
You headbutt the redback. The redback misses you.
The entropy weaver mumbles some strange words.
The entropic weave corrodes you!
The redback bites you but does no damage.
The redback bites you!
The jumping spider leaps!
You feel yourself speed up. The redback bites you.
The redback barely misses you. The redback bites you!
The redback bites you but does no damage.
The entropy weaver mumbles some strange words.
The entropic weave corrodes you! The redback barely misses you.
You furiously retaliate!
You headbutt the redback, but do no damage.
The demonic crawler misses you. The demonic crawler hits you!
The demonic crawler hits you but does no damage.
The entropy weaver casts a spell.
The entropic weave corrodes you! The hornet stings you!
The jumping spider leaps!
The demonic crawler closely misses you. The demonic crawler barely misses you.
The demonic crawler hits you! The hornet stings you.
The demonic crawler hits you. The demonic crawler closely misses you.
The demonic crawler hits you.
The jumping spider leaps!
The hornet closely misses you. You block the demonic crawler's attack.
The demonic crawler hits you! The demonic crawler closely misses you.
There is a stone staircase leading up, spattered with blood here.
The hornet stings you but does no damage.
The demonic crawler hits you. x2
* * * LOW HITPOINT WARNING * * *
The demonic crawler barely misses you. The redback barely misses you.
The redback closely misses you. You furiously retaliate!
You headbutt the redback. The hornet stings you!
* * * LOW HITPOINT WARNING * * *
The demonic crawler hits you!
* * * LOW HITPOINT WARNING * * *
The demonic crawler hits you but does no damage.
The demonic crawler barely misses you.
You climb upwards.
There is a stone staircase leading down here.
As you read the scroll of fear, it crumbles to dust.
You assume a fearsome visage.
The demonic crawler is unaffected.
The hornet looks frightened!
The redback looks frightened!
The demonic crawler hits you.
* * * LOW HITPOINT WARNING * * *
The demonic crawler hits you!
* * * LOW HITPOINT WARNING * * *
The demonic crawler hits you!
You die...

####### ###....^## ###
##### .........######.##
#...# ...........#...^.#
###..# #.........##....s#
#...?#
#.........#...s.@###....#
#......(#..........[....#
......##^.......y.#.....##
....###....#.....#.......#
..........##.....#...#####
..........##.#..^.####.#
...........#.###...###.##
............## ##...^##.##
.............## #.####...#


You could see a demonic crawler, a hornet (fleeing) and a redback (fleeing).

Vanquished Creatures
  Frances (D:12)
  Gastronok (Lair:1)
  2 emperor scorpions
  Nessos (D:15)
  A dire elephant (D:15)
  A great orb of eyes (D:15)
  4 vault guards (D:13)
  11 hydras
  2 catoblepae (Lair:6)
  3 centaur warriors
  4 two-headed ogres
  4 death yaks
  2 tengu warriors (D:12)
  2 storm dragon skeletons (D:15)
  3 unseen horrors (D:15)
  A wizard (D:14)
  3 wolf spider zombies
  A lindwurm (Lair:6)
  An orc knight (D:15)
  10 wolf spiders
  6 orb spiders
  A manticore (D:15)
  12 ugly things
  2 cyclopes
  3 black mambas (Lair:6)
  21 elephants
  Psyche (D:12)
  9 spiny frogs
  4 rime drakes
  An efreet (D:14)
  2 torpor snails
  8 komodo dragons
  7 demonic crawlers
  10 polar bears (Lair:6)
  16 jumping spiders
  5 trolls
  A queen bee (Lair:4)
  3 meliai (Lair:4)
  2 hornets
  4 raiju (Lair:6)
  16 blink frogs
  8 hippogriffs
  2 dream sheep (Lair:6)
  31 redbacks
  3 water elementals (D:15)
  2 shadows
  18 tarantellas
  34 yaks
  5 wyverns
  4 fire bats (Lair:4)
  3 wraiths
  7 hungry ghosts
  5 basilisks
  5 wargs
  8 vampire mosquitoes
  13 hell hounds (Lair:6)
  Menkaure (D:7)
  Duvessa (D:4)
  11 water moccasins
  9 porcupines
  10 orc warriors
  6 sky beasts
  5 eyes of draining
  3 ice beasts
  2 phantoms
  11 ogres
  13 black bears
  A hornet zombie (D:11)
  2 necrophages
  5 boggarts (D:14)
  7 centaurs
  29 wolves
  14 crocodiles
  A big kobold (D:11)
  A gnoll sergeant (D:11)
  24 bullfrogs
  Dowan (D:4)
  A wyvern skeleton (D:12)
  6 scorpions
  26 killer bees
  18 wights
  2 electric eels (D:15)
  A howler monkey (D:10)
  8 crimson imps
  2 bullfrog zombies
  2 quasits
  2 centaur zombies
  12 orc priests
  6 hounds
  4 jellies
  5 bullfrog skeletons
  3 centaur skeletons
  6 iguanas
  13 orc wizards
  15 worker ants
  A hound skeleton (D:7)
  5 gnolls (D:11)
  7 adders
  5 shadow imps
  An adder zombie (D:5)
  An adder skeleton (D:7)
  A worm (D:5)
  A dart slug (D:4)
  11 leopard geckos
  89 orcs
  6 ball pythons
  2 giant cockroaches
  3 goblins (D:1)
  11 hobgoblins
  5 jackals
  4 quokkas
  4 bats
  5 frilled lizards
  A giant cockroach zombie (D:5)
  A jackal skeleton (D:4)
  3 kobolds
  A leopard gecko skeleton (D:5)
  A leopard gecko zombie (D:7)
  A quokka skeleton (D:4)
  A rat (D:3)
  6 fungi
  13 plants
819 creatures vanquished.

Vanquished Creatures (collateral kills)
  A hydra (Lair:1)
  4 death yaks (Lair:4)
  A storm dragon skeleton (D:15)
  A necromancer (D:15)
  A centaur zombie (D:15)
  A spiny frog (Lair:1)
  A komodo dragon (Lair:1)
  A vampire (D:15)
  A worker ant (D:9)
12 creatures vanquished.

Vanquished Creatures (others)
  A tarantella (Spider:1)
  An orc wizard (D:6)
  A leopard gecko (D:6)
  A quokka (D:6)
  15 fungi
  12 plants
31 creatures vanquished.

Grand Total: 862 creatures vanquished

Notes
Turn   | Place    | Note
-------+----------+-------------------------------------------
     0 | D:1      | RKaid the Minotaur Berserker began the quest for the Orb.
     0 | D:1      | Reached XP level 1. HP: 19/19 MP: 0/0
   184 | D:1      | Reached skill level 4 in Axes
   186 | D:1      | Reached XP level 2. HP: 21/27 MP: 1/1
   296 | D:1      | Reached skill level 4 in Fighting
   456 | D:2      | Reached ** piety under Trog
   497 | D:2      | Reached XP level 3. HP: 28/33 MP: 2/2
   883 | D:3      | Reached skill level 5 in Axes
   896 | D:3      | Reached XP level 4. HP: 41/41 MP: 3/3
  1178 | D:3      | Reached *** piety under Trog
  1204 | D:3      | Found a blossoming altar of Fedhas.
  1529 | D:4      | Noticed Duvessa
  1530 | D:4      | Noticed Dowan
  1537 | D:4      | Killed Duvessa
  1537 | D:4      | Reached skill level 5 in Fighting
  1537 | D:4      | Reached skill level 6 in Axes
  1537 | D:4      | Reached XP level 5. HP: 48/48 MP: 4/4
  1564 | D:4      | Killed Dowan
  1564 | D:4      | Reached skill level 7 in Axes
  1564 | D:4      | Reached XP level 6. HP: 35/56 MP: 5/5
  1801 | D:4      | Reached skill level 6 in Fighting
  1847 | D:4      | Reached skill level 8 in Axes
  2139 | D:5      | Entered Level 5 of the Dungeon
  2144 | D:5      | Reached XP level 7. HP: 58/63 MP: 6/6
  2240 | D:5      | Found Eghiqugi's Armour Emporium.
  2478 | D:5      | Reached **** piety under Trog
  2606 | D:5      | Reached skill level 9 in Axes
  2609 | D:5      | Reached skill level 7 in Fighting
  3096 | D:5      | Found a staircase to the Ecumenical Temple.
  3192 | D:6      | Reached XP level 8. HP: 73/73 MP: 7/7
  3206 | D:6      | Found Onaimy's Jewellery Shoppe.
  3227 | D:6      | Found Zaut's Antique Weapon Boutique.
  3473 | D:6      | Reached skill level 10 in Axes
  3506 | D:6      | HP: 9/109 [orc warrior/scimitar (19)]
  3893 | D:6      | Reached skill level 8 in Fighting
  3897 | D:6      | Found Vaim's Magic Scroll Boutique.
  3924 | D:6      | Found a shimmering altar of Xom.
  3932 | D:6      | Bought a scroll of identify for 20 gold pieces
  3932 | D:6      | Bought a scroll of teleportation for 30 gold pieces
  3981 | D:6      | Reached skill level 11 in Axes
  3983 | D:6      | Got a warped robe
  4149 | D:6      | Found Lanei's Assorted Antiques.
  4152 | D:6      | Bought a scroll labeled RORAYP COUFO for 36 gold pieces
  4152 | D:6      | Bought a scroll labeled VEOLAT ZOOTA for 36 gold pieces
  4473 | D:7      | Reached XP level 9. HP: 82/82 MP: 8/8
  4531 | D:7      | Reached skill level 9 in Fighting
  4572 | D:7      | Noticed Menkaure
  4575 | D:7      | Reached skill level 12 in Axes
  4577 | D:7      | Killed Menkaure
  4585 | D:7      | Reached ***** piety under Trog
  4788 | D:8      | Reached skill level 13 in Axes
  4932 | D:8      | Reached skill level 10 in Fighting
  5152 | D:8      | Found a flagged portal.
  5253 | D:8      | Reached XP level 10. HP: 81/94 MP: 9/9
  5421 | D:9      | Reached skill level 14 in Axes
  5497 | D:9      | Noticed a two-headed ogre
  5505 | D:9      | Killed a two-headed ogre
  5548 | D:9      | Reached skill level 11 in Fighting
  5697 | D:9      | Noticed an eight-headed hydra
  5711 | D:9      | Received a gift from Trog
  5715 | D:9      | Killed a 16-headed hydra
  5715 | D:9      | Reached skill level 15 in Axes
  6062 | D:9      | Found a deep blue altar of Sif Muna.
  6205 | D:9      | Got a pitted ivory ring
  6244 | D:10     | Entered Level 10 of the Dungeon
  6980 | D:10     | Found a staircase to the Lair.
  7231 | D:10     | Reached XP level 11. HP: 92/104 MP: 10/10
  7344 | Lair:1   | Entered Level 1 of the Lair of Beasts
  7344 | Lair:1   | Noticed a five-headed hydra
  7609 | Lair:1   | Reached skill level 12 in Fighting
  7609 | Lair:1   | Reached skill level 16 in Axes
  7685 | Lair:1   | Noticed a five-headed hydra
  7709 | Lair:1   | Killed a six-headed hydra
  7996 | Lair:1   | Killed a six-headed hydra
  8514 | Lair:1   | Identified the ring of Iddomost {rElec rF+ MP-9 Int+4} (You found it on level 9 of the Dungeon)
  8701 | Lair:1   | Noticed Gastronok
  8717 | Lair:1   | Killed Gastronok
  8717 | Lair:1   | Reached skill level 13 in Fighting
  8717 | Lair:1   | Reached skill level 17 in Axes
  9005 | Lair:2   | Found a staircase to the Swamp.
  9988 | Lair:3   | Noticed an eight-headed hydra
  9997 | Lair:3   | Killed a 12-headed hydra
 10131 | Lair:3   | Reached XP level 12. HP: 102/115 MP: 11/11
 10138 | Lair:3   | Reached skill level 18 in Axes
 10437 | Lair:3   | Found a hole to the Spider Nest.
 10581 | Lair:4   | Got a bound silver ring
 10983 | Lair:4   | Reached skill level 14 in Fighting
 11282 | Lair:4   | Reached skill level 19 in Axes
 11391 | Lair:4   | HP: 42/177 [komodo dragon (24)]
 11776 | Lair:4   | Reached skill level 3 in Armour
 11779 | Lair:4   | Reached skill level 3 in Dodging
 12730 | Lair:4   | Noticed a death yak
 12735 | Lair:4   | Noticed a death yak
 12735 | Lair:4   | Noticed a death yak
 12738 | Lair:4   | Noticed a death yak
 12744 | Lair:4   | Killed a death yak
 12745 | Lair:4   | Noticed a death yak
 12749 | Lair:4   | Killed a death yak
 12749 | Lair:4   | Reached skill level 4 in Armour
 12751 | Lair:4   | Killed a death yak
 12753 | Lair:4   | Killed a death yak
 12753 | Lair:4   | Reached skill level 4 in Dodging
 12759 | Lair:4   | Killed a death yak
 13052 | Lair:5   | Identified the ring "Noazaocw" {rF+ MR+ Str+3 Slay+2 Stlth+} (You found it on level 4 of the Lair of Beasts)
 13095 | Lair:5   | Noticed an eight-headed hydra
 13101 | Lair:5   | Killed a six-headed hydra
 13101 | Lair:5   | Reached XP level 13. HP: 125/125 MP: 12/12
 13250 | Lair:5   | Received a gift from Trog
 13285 | Lair:5   | Found a viscous altar of Jiyva.
 13328 | Lair:5   | Found a staircase to the Slime Pits.
 13799 | Lair:6   | Entered Level 6 of the Lair of Beasts
 13808 | Lair:6   | Reached skill level 5 in Armour
 13817 | Lair:6   | Reached skill level 5 in Dodging
 14028 | Lair:6   | Reached skill level 15 in Fighting
 14047 | Lair:6   | Reached skill level 20 in Axes
 14225 | Lair:6   | Reached skill level 6 in Armour
 14644 | Lair:6   | Reached skill level 6 in Dodging
 14827 | Lair:6   | Reached skill level 7 in Armour
 15150 | Lair:6   | HP: 31/127 [nine-headed hydra (2)]
 15181 | Lair:6   | HP: 26/127 [crocodile (10)]
 15607 | Lair:6   | Reached XP level 14. HP: 135/135 MP: 13/13
 15661 | Lair:6   | Reached skill level 7 in Dodging
 15927 | Lair:6   | Reached skill level 8 in Armour
 16357 | Lair:6   | Reached ****** piety under Trog
 16362 | Lair:6   | Reached skill level 21 in Axes
 16365 | Lair:6   | Received a gift from Trog
 17564 | D:11     | Found a staircase to the Orcish Mines.
 17735 | D:11     | Reached skill level 16 in Fighting
 17828 | D:12     | Reached skill level 8 in Dodging
 17865 | D:12     | Noticed Psyche
 17873 | D:12     | Killed Psyche
 17991 | D:12     | Received a gift from Trog
 17991 | D:12     | Reached skill level 9 in Armour
 18218 | D:12     | Got a warped granite ring
 18371 | D:12     | Noticed Frances
 18385 | D:12     | Killed Frances
 18766 | D:13     | Found a gate to the Vaults.
 18785 | D:13     | Reached XP level 15. HP: 145/145 MP: 11/14
 18874 | D:13     | Received a gift from Trog
 18885 | D:13     | Identified the cursed ring "Deseolek" {rPois rC+ EV-3 Dex+2} (You found it on level 12 of the Dungeon)
 19305 | D:13     | Reached skill level 9 in Dodging
 19715 | D:14     | Reached skill level 22 in Axes
 20142 | D:15     | Entered Level 15 of the Dungeon
 20158 | D:15     | Reached skill level 10 in Armour
 20270 | D:15     | Noticed Nessos
 20283 | D:15     | Killed Nessos
 20517 | D:15     | Found a portal to a secret trove of treasure.
 21876 | D:15     | Reached skill level 10 in Dodging
 21924 | D:15     | Found a staircase to the Depths.
 22290 | Spider:1 | Entered Level 1 of the Spider Nest
 22311 | Spider:1 | Received a gift from Trog
 23043 | Spider:1 | Reached skill level 11 in Armour
 23314 | Spider:1 | Reached skill level 17 in Fighting
 23508 | Spider:1 | HP: 36/147 [disintegration (20)]
 23514 | Spider:1 | HP: 36/147 [poisoned by a redback]
 24356 | Spider:2 | Received a gift from Trog
 24540 | Spider:2 | Reached skill level 23 in Axes
 24637 | Spider:2 | Reached XP level 16. HP: 155/155 MP: 15/15
 25827 | Spider:3 | Received a gift from Trog
 25863 | Spider:3 | HP: 38/155 [poisoned by an emperor scorpion]
 25869 | Spider:3 | HP: 38/155 [poisoned by an emperor scorpion]
 26493 | Spider:3 | HP: 30/155 [hornet (14)]
 26495 | Spider:2 | HP: 13/155 [demonic crawler (6)]
 26495 | Spider:2 | HP: 2/155 [demonic crawler (11)]
 26495 | Spider:2 | Mangled by a demonic crawler

Skill      XL: |  1  2  3  4  5  6  7  8  9 10 11 12 13 14 15 |
---------------+----------------------------------------------+-----
Axes           | 4 5 6 7 8 9 11 13 15 17 19 20 21 23 | 23.1
Fighting       | 4 5 6 7 8 10 11 13 14 15 16 17 | 17.3
Armour         | 4 7 9 11 | 11.5
Dodging        | 4 6 8 10 | 10.9

Action                   |  1- 3 |  4- 6 |  7- 9 | 10-12 | 13-15 | 16-18 || total
-------------------------+-------+-------+-------+-------+-------+-------++-------
Melee: Hand axe          |    81 |    84 |   256 |   277 |    18 |       ||   716
       Headbutt          |     9 |    15 |    65 |   156 |   260 |    24 ||   529
       Battleaxe         |       |       |       |   247 |   696 |    82 ||  1025
       Broad axe         |       |       |       |       |   300 |       ||   300
Invok: Berserk           |     1 |     1 |     9 |    12 |     7 |       ||    30
       Burn Spellbooks   |       |     1 |     1 |     3 |     4 |       ||     9
       Brothers in Arms  |       |       |       |     3 |     2 |       ||     5
       Trog's Hand       |       |       |       |       |     1 |       ||     1
Evoke: Wand              |       |       |       |     8 |       |       ||     8
  Use: Scroll            |       |       |    15 |     7 |     8 |     1 ||    31
       Potion            |       |       |       |     2 |       |     2 ||     4
 Stab: Held in net/web   |       |       |       |       |       |     1 ||     1
  Eat: Chunk             |       |     6 |    18 |    21 |    46 |       ||    91
       Fruit             |       |       |       |    13 |     1 |     3 ||    17
       Royal jelly       |       |       |       |     4 |     2 |     2 ||     8
Armor: Ring mail         |    31 |     8 |       |       |       |       ||    39
       Chain mail        |       |    22 |    39 |       |       |       ||    61
       Plate armour      |       |       |    90 |   287 |   591 |   124 ||  1092
Dodge: Dodged            |    52 |    26 |   104 |   165 |   467 |   108 ||   922
Block: Other             |       |       |       |    20 |    52 |     9 ||    81
       Reflection        |       |       |       |       |     1 |       ||     1

Table legend:
 A = Turns spent in this place as a percentage of turns spent in the entire game.
 B = Non-inter-level travel turns spent in this place as a percentage of non-inter-level travel turns spent in the entire game.
 C = Inter-level travel turns spent in this place as a percentage of turns spent in this place.
 D = Turns resting spent in this place as a percentage of non-inter-level travel turns spent in this place.
 E = Turns spent auto-exploring this place as a percentage of non-inter-level travel turns spent in this place.
 F = Non-inter-level travel turns spent in this place divided by the number of levels of this place that you've seen.
                   A       B       C       D       E      F
               +-------+-------+-------+-------+-------+----------------------
         Total | 100.0 | 100.0 |   0.4 |   3.9 |   9.4 | 284.5
       Dungeon |  55.5 |  55.5 |   0.4 |   2.9 |  11.4 | 252.8
          Lair |  32.6 |  32.6 |   0.3 |   5.5 |   7.0 | 370.8
   Spider Nest |  11.9 |  11.9 |   0.4 |   4.2 |   7.1 | 270.7
               +-------+-------+-------+-------+-------+----------------------

Table legend:
 A = Kills in this place as a percentage of kills in entire the game.
 B = Kills by you in this place as a percentage of kills by you in the entire game.
 C = Kills by friends in this place as a percentage of kills by friends in the entire game.
 D = Other kills in this place as a percentage of other kills in the entire game.
 E = Experience gained in this place as a percentage of experience gained in the entire game.
 F = Experience gained in this place divided by the number of levels of this place that you have seen.
                   A       B       C       D       E      F
               +-------+-------+-------+-------+-------+----------------------
         Total | 100.0 | 100.0 | 100.0 | 100.0 | 100.0 | 6866.3
       Dungeon |  57.4 |  57.6 |  41.7 | 100.0 |  40.5 | 4448.3
          Lair |  31.2 |  30.9 |  58.3 |   0.0 |  40.7 | 11166.2
   Spider Nest |  11.3 |  11.5 |   0.0 |   0.0 |  18.9 | 10356.7
               +-------+-------+-------+-------+-------+----------------------
